 Dungeon Crawl Stone Soup version 0.28-a0-906-g0406aca7d3 (webtiles) character file.

Game seed: 15714179255031980593

222 lunkers the Ruffian (level 5, -2/53 HPs)
             Began as a Troll Cinder Acolyte on Nov 23, 2021.
             Was a High Priest of Ignis.
             Slain by a gnoll (4 damage)
             ... on level 2 of the Dungeon.
             The game lasted 00:01:42 (1499 turns).

lunkers the Ruffian (Troll Cinder Acolyte)          Turns: 1499, Time: 00:01:42

Health: -2/53      AC:  6    Str: 22    XL:     5   Next: 66%
Magic:  5/5        EV:  9    Int: 10    God:    Ignis [*****.]
Gold:   12         SH:  0    Dex:  6    Spells: 6/6 levels left

rFire   + . .      SeeInvis .     - Unarmed
rCold   . . .      Faith    .   (no shield)
rNeg    . . .      Spirit   .   e - +2 robe {Will+}
rPois   .          Reflect  .   (helmet restricted)
rElec   .          Harm     .   (no cloak)
rCorr   .          Rampage  .   (gloves unavailable)
Will    +....                   (boots unavailable)
Stlth   +.........              (no amulet)
HPRegen 1.17/turn               (no ring)
MPRegen 0.09/turn               (no ring)

@: lethally poisoned (-2 -> -10), about to teleport
A: large, unfitting armour, claws 3, regeneration 1, shaggy fur 1, tough skin 1
a: Renounce Religion, Sea of Fire, Foxfire Swarm, Rising Flame


You were on level 2 of the Dungeon.
You worshipped Ignis.
Ignis was extremely pleased with you.
You visited 1 branch of the dungeon, and saw 2 of its levels.

You collected 12 gold pieces.

Inventory:

Missiles
 d - 46 stones (quivered)
Armour
 a - a +0 robe
 e - a +2 robe of willpower (worn)
Wands
 b - a wand of flame (15)
Scrolls
 c - a scroll of teleportation
Potions
 f - a potion of degeneration {unknown}


   Skills:
 + Level 3.6 Fighting
 * Level 5.5 Unarmed Combat
 - Level 1.0 Spellcasting
 - Level 2.1 Fire Magic


You had 6 spell levels left.
You didn't know any spells.
Your spell library contained the following spells:

 Spells                   Type           Power      Damage    Failure   Level
 Scorch                   Fire           8%         2d5       22%         2
 Magic Dart               Conj           0%         1d3       34%         1
 Searing Ray              Conj           0%         2d4       45%         2
 Fulminant Prism          Conj/Hex       0%         3d6       98%         4


Dungeon Overview and Level Annotations

Branches:
Dungeon (2/15)

Altars:


Innate Abilities, Weirdness & Mutations

You are too large for most types of armour.
You have claws for hands.
Your natural rate of healing is unusually fast.
You are covered in fur. (AC +1)
You have tough skin. (AC +1)


Message History

A giant cockroach is nearby!
A giant cockroach is nearby!
The giant cockroach bites you. The giant cockroach misses you.
You barely miss the giant cockroach. The giant cockroach barely misses you.
You claw the giant cockroach!
You kill the giant cockroach!
No target in view!
No target in view!
d - 46 stones (gained 26)
You see here 18 arrows.
There is a stone staircase leading down here.
You see here a quokka corpse.
A gnoll comes into view. It is wielding a +0 halberd.
A gnoll is nearby!
A gnoll is nearby!
A gnoll is nearby!
A gnoll comes into view. It is wielding a +1 spear of venom.
The gnoll shouts!
You hear a shout!
A gnoll comes into view. It is wielding a +0 halberd.
The gnoll shouts!
Found 8 gold pieces.
The gnoll hits you with a +0 halberd!
The gnoll hits you with a +1 spear of venom.
You are poisoned.
You barely miss the gnoll.
You feel very sick.
The gnoll hits you from afar with a +0 halberd!
* * * LOW HITPOINT WARNING * * *
The gnoll hits you with a +0 halberd!
* * * LOW HITPOINT WARNING * * *
As you read the scroll of teleportation, it crumbles to dust.
You feel strangely unstable.
You feel sick. The gnoll closely misses you. The gnoll completely misses you.
The gnoll hits you with a +0 halberd.
* * * LOW HITPOINT WARNING * * *
Unknown command.
You feel sick.
The gnoll hits you with a +1 spear of venom.
* * * LOW HITPOINT WARNING * * *
You are lethally poisoned!
The gnoll hits you with a +0 halberd.
You die...

#.#.########.# #.#
#.#.#........# #.#
..#.#.########
###.#.# ....#.#
#####.#
#.###################
#.#...(.....gg......$
#...........@.g......
###.#################
#.# #.# #######.#
........# #########


You could see 3 gnolls.

Vanquished Creatures
  Sigmund (D:2)
  An adder (D:2)
  A worm (D:2)
  6 endoplasms
  2 giant cockroaches
  3 goblins
  3 hobgoblins
  3 jackals (D:1)
  6 kobolds (D:1)
  A quokka (D:2)
  5 ball pythons
  3 bats (D:1)
  2 frilled lizards
  4 rats
41 creatures vanquished.

Notes
Turn   | Place    | Note
-------+----------+-------------------------------------------
     0 | D:1      | lunkers the Troll Cinder Acolyte began the quest for the
                  | Orb.
     0 | D:1      | Reached XP level 1. HP: 22/22 MP: 1/1
   212 | D:1      | Reached XP level 2. HP: 29/29 MP: 2/2
   655 | D:1      | Reached XP level 3. HP: 36/36 MP: 3/3
  1003 | D:2      | Noticed Sigmund
  1017 | D:2      | Killed Sigmund
  1018 | D:2      | Reached skill level 5 in Unarmed Combat
  1018 | D:2      | Reached XP level 4. HP: 25/45 MP: 4/4
  1018 | D:2      | Reached XP level 5. HP: 29/53 MP: 5/5
  1499 | D:2      | HP: 2/53 [gnoll (4)]
  1499 | D:2      | Slain by a gnoll

Illustrated notes

Levels and vault maps discovered:
D:1:      lightli_arrival_farm, layout_basic, kennysheep_crisscross,
          kennysheep_pointless_box, minmay_misc_feat_doors
D:2:      layout_basic, chequers_ecumenical_altar_twisty, uniq_sigmund

Skill      XL: |  1  2  3 |
---------------+----------+-----
Fighting       | 3 |  3.6
Unarmed Combat | 5 |  5.5
Spellcasting   | |  1.0
Fire Magic     | |  2.1

Action                   |  1- 3 |  4- 6 || total
-------------------------+-------+-------++-------
Melee: Unarmed           |    65 |    32 ||    97
       Punch             |     1 |     2 ||     3
Throw: Stone             |    29 |    23 ||    52
  Use: Scroll            |     1 |     1 ||     2
Armor: Robe              |    22 |     8 ||    30
Dodge: Dodged            |    26 |    12 ||    38

Table legend: (Time is in decaauts)
 A = Elapsed time spent in this place.
 B = Non-inter-level travel time spent in this place.
 C = Inter-level travel time spent in this place.
 D = Time resting spent in this place.
 E = Time spent auto-exploring this place.
 F = Levels seen in this place.
 G = Mean time per level.
                   A        B        C        D        E       F      G
               +--------+--------+--------+--------+--------+-----+--------+
         Total |   1517 |   1416 |    101 |      0 |   1150 |   2 |  758.5 |
       Dungeon |   1517 |   1416 |    101 |      0 |   1150 |   2 |  758.5 |
               +--------+--------+--------+--------+--------+-----+--------+

Top non-repeatable levels by time:
     D:1: 981 daAuts
     D:2: 536 daAuts
